Ken, chaotic male orcish Convict ---- -------------------- ------ |..| |............-.....| |.....|------ ------------- ##^##-..| |---|-----------.%.| |.....|.....|------ }|..^........| # |..| |.....|....... |-|------|..)).|.....|.....#} }}#....)......| ---|--- ---- |.)---|........|...^....|.....|.)...|...).|}}}}|..{..{..{..| |.....| |..|..-..^.%...|.....^...............)..)).#..#......^..^...%###-.....| |..|..|....^...|........|.....|...[.|.....|}}}}|..{..{..{..| |.%...| |.^|..|....)...|-|------|.....|.....|.....# }}#...........| ---|--- |..|..-----)----...| |..)..|.....|----- }|...........| # |..-.....|^.^|.....| |.....|----- ------------- # ---------|.^.|------ ------- -------- # |^^^| --|..^...| # |...| |^%.%..^.-#####[##### -----|||----- |I+^...^.-#########p# |...........| --|..^...| # |.....>.....| -------- ---|--- |...........| |&....| |.....\.....| |*o...| ------------- ------- Ken the Outlaw Experience level: 15 Strength: 18/50 Dexterity: 23 Constitution: 18 Intelligence: 16 Wisdom: 18 Charisma: 9 Health: 0(116) Energy: 74(74) AC: -30 Gold: 0 Moves: 37591 Your Inventory: Weapons z - the uncursed rustproof +7 Fire Brand (weapon in hand) H - an uncursed thoroughly rotted +5 elven dagger of reflection (wielded in other hand) Armor t - a blessed rotted +4 Hawaiian shirt (being worn) u - a blessed thoroughly rusty corroded +5 helm of brilliance (being worn) v - a blessed +5 pair of low boots of dexterity and telepathy (being worn) B - a blessed +5 elven cloak (being worn) J - an uncursed +0 dwarvish mithril-coat (being worn) X - a blessed +4 pair of leather gloves of speed (being worn) Comestibles L - an uncursed lizard corpse Rings q - an uncursed ring of teleport control (on right hand) C - an uncursed ring of levitation R - an uncursed ring of free action (on left hand) Wands i - an uncursed wand of cancellation (0:3) j - an uncursed wand of teleportation (0:4) k - an uncursed wand of slow monster [0:3] D - an uncursed wand of opening (0:3) M - an uncursed wand of death (0:4) W - an uncursed wand of digging (0:3) Y - an uncursed wand of undead turning (0:0) Tools a - an uncursed magic whistle b - an uncursed [magic] lamp called magic (lit) c - an uncursed stethoscope d - an uncursed [+0] unicorn horn h - an uncursed frost horn [0:5] l - an uncursed skeleton key n - an uncursed towel F - a blessed greased bag called holdybag [of holding] Z - an uncursed silver bell [(Bell of Opening) (0:3)] Gems x - a blessed luckstone Iron balls o - the blessed rustproof Iron Ball of Liberation Contents of the bag of holding: an uncursed rotted +0 pair of water walking boots 6 uncursed K-rations an uncursed banana an uncursed carrot an uncursed clove of garlic an uncursed lembas wafer an uncursed lizard corpse an uncursed sprig of wolfsbane 3 uncursed scrolls called earth [of earth] a cursed scroll called earth [of earth] a blessed scroll called remove curse [of remove curse] 4 uncursed scrolls called remove curse [of remove curse] an uncursed scroll called scare monster [of scare monster] 2 uncursed scrolls of charging a blessed scroll of enchant armor an uncursed scroll of enchant armor 2 uncursed scrolls of enchant weapon a blessed scroll of gold detection 3 uncursed scrolls of gold detection a cursed scroll of gold detection 2 blessed scrolls of identify an uncursed scroll of identify a cursed scroll of identify a blessed scroll of magic mapping 5 uncursed scrolls of magic mapping a cursed scroll of magic mapping 2 uncursed scrolls of taming 3 blessed scrolls of teleportation 7 uncursed scrolls of teleportation 7 cursed scrolls of teleportation 12 blessed unlabeled scrolls [of blank paper] 3 uncursed unlabeled scrolls [of blank paper] 2 cursed unlabeled scrolls [of blank paper] 3 uncursed potions of enlightenment a cursed potion of extra healing 4 uncursed potions of full healing 3 uncursed potions of gain energy 6 uncursed potions of gain level an uncursed potion of healing a cursed potion of healing 4 potions of holy water 5 uncursed potions of object detection an uncursed potion of paralysis a blessed potion of speed 2 potions of unholy water an uncursed citrine ring [of sustain ability] an uncursed ring of conflict an uncursed +2 ring of gain strength an uncursed +1 ring of gain wisdom an uncursed +1 ring of increase damage an uncursed ring of protection from shape changers an uncursed ring of regeneration an uncursed ring of slow digestion an uncursed wand of cold (0:8) an uncursed wand of cold [0:4] an uncursed wand of cold [0:6] an uncursed wand of cold [0:4] an uncursed wand of death (0:8) an uncursed wand of death (0:4) an uncursed wand of digging (0:5) an uncursed wand of digging [0:6] an uncursed wand of digging [0:3] an uncursed wand of digging [0:6] an uncursed wand of digging [0:4] an uncursed wand of digging [0:4] an uncursed wand of digging [0:6] an uncursed wand of digging [0:5] an uncursed wand of digging [0:2] an uncursed wand of digging [0:8] an uncursed wand of digging [0:6] an uncursed wand of enlightenment (0:11) an uncursed wand of fire (0:3) an uncursed wand of fire [0:4] an uncursed wand of light [0:11] an uncursed wand of light [0:11] an uncursed wand of light [0:14] an uncursed wand of lightning [0:4] an uncursed wand of magic missile (0:0) an uncursed wand of magic missile [0:4] an uncursed wand of magic missile [0:3] an uncursed wand of magic missile [0:5] an uncursed wand of magic missile [0:6] a cursed wand of magic missile [0:3] an uncursed wand of make invisible (0:3) an uncursed wand of probing (0:6) an uncursed wand of secret door detection [0:13] an uncursed wand of secret door detection [0:13] an uncursed wand of secret door detection [0:12] an uncursed wand of secret door detection [0:13] an uncursed wand of sleep [0:6] an uncursed wand of sleep [0:0] an uncursed wand of sleep [0:7] a blessed wand of slow monster [0:5] an uncursed wand of slow monster [0:4] an uncursed wand of slow monster [0:6] an uncursed wand of slow monster [0:6] an uncursed wand of speed monster [0:4] an uncursed wand of striking [0:5] an uncursed wand of striking [0:0] an uncursed wand of striking [0:3] an uncursed wand of striking [0:3] an uncursed wand of teleportation (0:5) an uncursed wand of wishing (1:2) an uncursed can of grease (0:12) a blessed [magic] lamp called magic an uncursed [magic] lamp called magic an uncursed magic marker (0:51) an uncursed magic marker (0:9) 4 uncursed emeralds 4 uncursed garnet stones 4 uncursed jet stones 4 uncursed orange gems [jacinth] 3 uncursed turquoise stones Spells known in the end: Name Level Category Fail Memory a - light 1* divination 79% [........] b - wizard lock 2* matter 81% [........] c - protection 1* clerical 79% [........] d - detect treasure 4* divination 100% [........] e - sleep 1* enchantment 79% [........] f - knock 1* matter 79% [........] g - cause fear 3* enchantment 100% [........] h - invisibility 4* escape 100% [........] i - confuse monster 2* enchantment 81% [........] j - magic mapping 5 divination 100% [||||....] k - cure blindness 2 healing 81% [||||....] l - slow monster 2 enchantment 81% [|||||...] m - force bolt 1 attack 79% [||||||..] n - haste self 3 escape 100% [||||||..] o - remove curse 3 clerical 100% [||||||..] p - create familiar 6 clerical 100% [||||||..] q - detect food 2 divination 81% [||||||..] r - magic missile 2 attack 81% [||||||..] s - cure sickness 3 healing 100% [||||||..] t - cone of cold 4 attack 100% [||||||..] u - drain life 2 attack 81% [||||||..] v - detect unseen 3 divination 100% [||||||..] w - dig 5 matter 100% [||||||..] x - fireball 4 attack 100% [||||||..] Your skills at the end: Fighting Skills two weapon combat [Skilled / Skilled] body armor [Skilled / Skilled] Weapon Skills pick-axe [Expert / Expert] broadsword [Basic / Basic] long sword [Basic / Basic] sling [Basic / Skilled] Spellcasting Skills Final Attributes: You were piously aligned. Hunger level was 406. Your alignment was 197 / 197. Monster difficulty range was 4 - 21. Level difficulty was 28. You were immune to fire. You resisted cold. You were immune to sleep. You resisted disintegration. You resisted electricity. You were immune to poison. You were immune to sickness. You were magic-protected. You saw invisible. You were telepathic. You were warned. You had automatic searching. You had infravision. You were invisible to others. You were displaced. You were stealthy. You could teleport. You had teleport control. You were protected. You were very fast. You had reflection. You had free action. You were wielding two weapons at once. You were extremely lucky (11). You had extra luck. Good luck did not time out for you. You are dead (2nd time!). Vanquished creatures: Baalzebub a vorpal jabberwock Medusa Warden Arianna 2 iron golems a storm giant a balrog a purple worm 16 guivres a wyvern 2 gold dragons 4 sarkanies 3 drakens 2 tatzelworms an amphitere 5 jabberwocks a baluchitherium 3 stone golems 2 pit fiends 5 hell hounds 2 titanotheres 4 trappers a baby draken a baby amphitere 5 disenchanters 19 vampire lords a skeleton 5 prison guards 4 captains a shade 8 inmates 10 liches a clay golem 3 nurses 3 nalfeshnees 2 lurkers above 3 frost giants an ettin 9 black puddings 11 vampires a lieutenant a watch captain 26 ghosts 3 locusts a winged gargoyle a mind flayer 9 giant mimics a zruty 4 fire giants 2 ice trolls 4 rock trolls 2 umber hulks 2 flesh golems 2 Elvenkings 4 doppelgangers 4 hezrous 7 bone devils 6 large mimics 3 wumpuses 2 fire vortices 3 long worms 9 stalkers an air elemental 2 fire elementals 7 earth elementals 4 water elementals 2 hill giants 4 giant mummies 9 xorns 5 giant zombies 7 elf-lords 18 sergeants 4 barbed devils 5 vrocks a salamander 6 wargs 3 winter wolves 3 hell hound pups 20 small mimics 2 glass piercers 4 warhorses a steam vortex 5 xans 4 ettin mummies an ogre lord 3 quantum mechanics 13 trolls 2 sasquatches a wood golem 2 erinyes 6 mariliths 3 sharks 3 electric eels 2 giant turtles 6 gelatinous cubes 2 pyrolisks a freezing sphere 2 flaming spheres 7 shocking spheres 4 large cats 5 tigers 6 gargoyles a dwarf king 5 tengu 9 ochre jellies 3 leocrottas 3 energy vortices a mountain centaur 4 stone giants 3 elf mummies 4 human mummies a green slime 3 pit vipers a cobra 29 wraiths a carnivorous ape 9 ettin zombies 3 leather golems 7 Grey-elves 71 soldiers 6 watchmen 13 horned devils 4 succubi 5 incubi a chameleon 3 crocodiles 33 giant beetles 5 quivering blobs 6 cockatrices 14 wolves 5 winter wolf cubs 5 lynxes 3 panthers 2 spotted jellies 11 leprechauns 8 iron piercers 4 mumakil 26 giant spiders 2 scorpions 4 horses an ice vortex 6 black lights 6 vampire bats 2 forest centaurs 6 gnome kings 6 orc mummies 3 dwarf mummies 38 brown puddings 17 rust monsters 5 owlbears 4 werewolves 5 Green-elves 4 giant eels 14 lizards 7 chickatrices 2 dogs a housecat 4 jaguars a dwarf lord 7 blue jellies 5 white unicorns 5 gray unicorns 8 dust vortices 36 ravens 3 plains centaurs a Kop Kaptain 4 gnome mummies 2 snakes 6 apes 18 human zombies 2 Woodland-elves 9 soldier ants 5 fire ants 11 snow ants 8 bugbears 94 lemures a quasit 10 wood nymphs 2 water nymphs 5 mountain nymphs 2 Mordor orcs an orc shaman 7 rock piercers 4 enormous rats 6 rock moles 5 ponies 5 fog clouds 4 yellow lights 5 shriekers 8 violet fungi 19 gnome lords 6 gnomish wizards 3 Kop Lieutenants 2 kobold mummies 3 red naga hatchlings a golden naga hatchling 2 guardian naga hatchlings 4 gray oozes 3 barrow wights 15 elf zombies 9 ghouls 4 straw golems a paper golem a wax golem 4 jellyfish 2 baby crocodiles 5 giant ants 5 little dogs 5 floating eyes 4 kittens 15 dwarves 2 kobold lords 4 kobold shamans 9 hill orcs 17 rothes 6 rabid rats 2 centipedes 8 giant bats 7 Kop Sergeants 2 monkeys 14 orc zombies 20 dwarf zombies a miner 3 wererats 6 werejackals 4 muggers 9 iguanas 10 killer bees 2 acid blobs 7 coyotes 3 gas spores 8 hobbits 21 manes 3 large kobolds 6 hobgoblins 13 giant rats 5 cave spiders a brown mold 4 yellow molds 2 green molds 4 red molds 61 gnomes 5 Keystone Kops 5 garter snakes 9 gnome zombies 5 geckos 17 jackals 2 foxes a kobold 4 goblins 6 sewer rats 2 grid bugs 6 bats 10 lichens 9 kobold zombies 8 newts 1636 creatures vanquished. Voluntary challenges: You used a wielded weapon 3486 times. You read items or engraved 126 times. You put on armor 66 times. You never genocided any monsters. You never polymorphed an object. You never changed form. You used no wishes. You never wrote Elbereth's name. You encountered 1 bones level. You never used any Sokoban shortcuts. Dungeon overview: The Dungeons of Doom: levels 1 to 26 Level 1 a long staircase Level 2 a fountain Level 3 an altar to Tymora, a fountain Level 4 a fountain stairs to The Gnomish Mines Level 5 a fountain Level 6 many fountains Level 7 an altar to Tymora, a sink stairs to Sokoban Level 8 a fountain Level 9 a general store, a fountain stairs to Town Level 10 a temple to Tymora Level 12 (v) an altar to Tymora portal to The Quest Level 13 a general store, some fountains Level 14 a fountain Level 17 a sink Level 18 an altar, some fountains, many trees Level 19 (v) Level 22 a throne portal to One-eyed Sam's Market Level 23 a fountain, many trees Level 26 a magic chest, a fountain, many trees Gehennom: levels 27 to 37 Level 27 a temple, a magic chest stairs to The Dungeons of Doom Level 28 <- You were here many fountains, a throne Level 31 a fountain Level 35 a throne Level 37 (orcus) The Gnomish Mines: levels 5 to 12 Level 5 stairs to The Dungeons of Doom Level 8 many shops, a temple, a magic chest, some fountains Level 12 some fountains The Quest: levels 1 to 6 Level 1 an altar to Tymora, a magic chest, a sink portal to The Dungeons of Doom Level 3 a general store, a sink Sokoban: levels 4 to 6 Level 6 a magic chest stairs to The Dungeons of Doom Town: levels 6 to 8 Level 6 many shops, some fountains, a sink Level 7 some fountains, many trees Level 8 stairs to The Dungeons of Doom One-eyed Sam's Market: Level 1 portal to The Dungeons of Doom History has recorded: On T:1 you entered the Dungeons of Doom to retrieve the Amulet of Yendor! On T:415 you reached level 2 of The Dungeons of Doom. On T:835 you advanced to experience level 2. On T:868 you reached level 3 of The Dungeons of Doom. On T:884 you advanced to experience level 3. On T:1161 you reached level 4 of The Dungeons of Doom. On T:1226 you advanced to experience level 4. On T:1428 you reached level 1 of The Gnomish Mines. On T:1470 you advanced to experience level 5. On T:1747 you reached level 2 of The Gnomish Mines. On T:2368 you advanced to experience level 6. On T:2852 you advanced to experience level 7. On T:3105 you reached level 3 of The Gnomish Mines. On T:3414 you reached level 5 of The Dungeons of Doom. On T:3739 you advanced to experience level 8. On T:3872 you received a fireproof sling of fire from Tymora. On T:4555 you reached level 4 of The Gnomish Mines. On T:5755 you advanced to experience level 9. On T:6144 you reached level 5 of The Gnomish Mines. On T:6719 you reached level 6 of The Dungeons of Doom. On T:6733 you reached level 7 of The Dungeons of Doom. On T:6976 you reached level 3 of Sokoban. On T:7600 you reached level 2 of Sokoban. On T:8079 you reached level 1 of Sokoban. On T:8096 you advanced to experience level 10. On T:9467 you reached level 8 of The Dungeons of Doom. On T:9496 you reached level 9 of The Dungeons of Doom. On T:10252 you reached level 6 of The Gnomish Mines. On T:10426 you reached level 7 of The Gnomish Mines. On T:10766 you reached level 8 of The Gnomish Mines. On T:10949 you advanced to experience level 11. On T:12172 you reached level 3 of Town. On T:12212 you reached level 10 of The Dungeons of Doom. On T:12229 you reached level 11 of The Dungeons of Doom. On T:12429 you received Luck Blade from Tymora. On T:13194 you reached level 12 of The Dungeons of Doom. On T:14100 you advanced to experience level 12. On T:14213 you reached level 1 of The Quest. On T:14710 you advanced to experience level 13. On T:14746 you reached level 2 of Town. On T:14800 you reached level 1 of Town. On T:15630 you embarked upon an epic quest. On T:15776 you reached level 2 of The Quest. On T:15967 you reached level 3 of The Quest. On T:16427 you reached level 4 of The Quest. On T:16575 you reached level 5 of The Quest. On T:16778 you reached level 6 of The Quest. On T:16803 you killed Warden Arianna on level 5 of The Quest. On T:17235 you completed the quest! On T:17532 you received a rustproof dwarvish mattock of fire from Tymora. On T:17792 you reached level 13 of The Dungeons of Doom. On T:18091 you reached level 14 of The Dungeons of Doom. On T:18408 you reached level 15 of The Dungeons of Doom. On T:18495 you reached level 16 of The Dungeons of Doom. On T:18894 you reached level 17 of The Dungeons of Doom. On T:18956 you reached level 18 of The Dungeons of Doom. On T:19438 you reached level 19 of The Dungeons of Doom. On T:20756 you reached level 20 of The Dungeons of Doom. On T:20792 you reached level 21 of The Dungeons of Doom. On T:20928 you reached level 22 of The Dungeons of Doom. On T:20968 you reached level 23 of The Dungeons of Doom. On T:22425 you reached level 1 of One-eyed Sam's Market. On T:22448 you were saved from death by your amulet of life saving! On T:23755 you received Fire Brand from Tymora. On T:26043 you advanced to experience level 14. On T:26271 you killed Medusa on level 23 of The Dungeons of Doom. On T:26304 you reached level 24 of The Dungeons of Doom. On T:26803 you reached level 25 of The Dungeons of Doom. On T:27109 you reached The Castle. On T:27633 you reached The Valley of the Dead. On T:32012 you advanced to experience level 15. On T:33938 you reached level 2 of Gehennom. On T:34562 you reached level 3 of Gehennom. On T:34885 you reached level 4 of Gehennom. On T:35349 you reached level 5 of Gehennom. On T:35728 you reached level 6 of Gehennom. On T:36039 you reached level 7 of Gehennom. On T:36303 you reached level 8 of Gehennom. On T:36616 you reached level 9 of Gehennom. On T:37035 you reached level 10 of Gehennom. On T:37043 you killed Baalzebub on level 10 of Gehennom. On T:37176 you reached level 11 of Gehennom. Latest messages: The fiery blade hits Asmodeus. You hit Asmodeus. Asmodeus hits! Asmodeus casts a spell at you! You're covered in frost! [HP-11=46] Status of Asmodeus (lawful): Level 49 HP 88(198) AC -7. The fiery blade hits Asmodeus. You hit Asmodeus! Asmodeus hits! Asmodeus casts a spell at you! You're covered in frost! [HP-23=23] Asmodeus hits! Asmodeus casts a spell at you! You're covered in frost! You die... Final status: Goodbye Ken the Convict... You died in Gehennom on dungeon level 28 with 23840 points, and 0 pieces of gold, after 37591 moves. You were level 15 with a maximum of 116 hit points when you died.